 Dungeon Crawl Stone Soup version 0.14.1-22-g2730a98 (webtiles) character file.

75 Kae the Firebug (level 2, 0/17 HPs)
             Began as an Octopode Fire Elementalist on June 7, 2014.
             Engulfed by their own steam (4 damage)
             ... on Level 2 of the Dungeon.
             The game lasted 00:00:56 (938 turns).

Kae the Firebug (Octopode Fire Elementalist)         Turns: 938, Time: 00:00:56

HP   0/17        AC  1     Str  7      XL: 2   Next: 87%
MP   2/4         EV 12     Int 17      God:
Gold 54          SH  0     Dex 12      Spells:  1 memorised,  4 levels left

rFire  . . .     SeeInvis .     (no weapon)
rCold  . . .     Clarity  .     (no shield)
rNeg   . . .     Conserve .     (helmet restricted)
rPois  .         rCorr    .     (no amulet)
rElec  .         rRot     .     (no ring)
SustAb . .       Spirit   .     (no ring)
rMut   .         Warding  .     (no ring)
Saprov . . .     Stasis   .     (no ring)
MR     .....                    (no ring)
                                (no ring)
                                (no ring)
                                (no ring)

@: not resistant to hostile enchantments, quite stealthy
A: almost no armour, amphibious, 8 rings, constrict 8, camouflage 1, gelatinous
body 1
a: no special abilities


You were on level 2 of the Dungeon.
You were not hungry.

You visited 1 branch of the dungeon, and saw 2 of its levels.

You collected 54 gold pieces.

Inventory:

Comestibles
 c - a bread ration
 h - an apple
 i - 2 meat rations
Scrolls
 f - a scroll of identify {unknown}
 j - a scroll of teleportation {unknown}
 l - a scroll of enchant weapon II {unknown}
 m - a scroll of amnesia {unknown}
Jewellery
 g - an uncursed ring of teleport control {unknown}
Potions
 a - a potion of restore abilities {unknown}
 d - a potion of agility {unknown}
 e - a potion of brilliance {unknown}
 k - a potion of resistance {unknown}
Books
 b - a book of Flames

   Spells                             Type                      Level
   *Flame Tongue                      Conjuration/Fire             1
   Throw Flame                        Conjuration/Fire             2
   Conjure Flame                      Conjuration/Fire             3
   Inner Flame                        Hexes/Fire                   3
   Sticky Flame                       Conjuration/Fire             4
   Fireball                           Conjuration/Fire             5


   Skills:
 - Level 2.0 Dodging
 - Level 2.6 Stealth
 + Level 2.2 Spellcasting
 * Level 2.0 Conjurations
 * Level 3.3 Fire Magic


You had 4 spell levels left.
You knew the following spells:

 Your Spells              Type           Power        Failure   Level  Hunger
a - Flame Tongue          Conj/Fire      ##...        10%         1    #......


Dungeon Overview and Level Annotations

Branches:
Dungeon (2/15)

Altars:


Innate Abilities, Weirdness & Mutations

You cannot wear most types of armour.
You are amphibious.
You can wear up to eight rings at the same time.
You can use your tentacles to constrict many enemies at once.
Your skin changes colour to match your surroundings (Stlth).
Your rubbery body absorbs attacks (AC +1).


Message History

You constrict the jackal.
The jackal splashes around in the water. x2
Casting: Flame Tongue
Confirm with . or Enter, or press ? or * to list all spells.
Aiming: Flame Tongue
Press: ? - help, Shift-Dir - straight line, f - jackal
Aim: a jackal (lightly wounded, constricted by you)
The flame tongue hits the jackal.
You kill the jackal!
You constrict the jackal.
The jackal splashes around in the water. x2
Casting: Flame Tongue
Confirm with . or Enter, or press ? or * to list all spells.
Aiming: Flame Tongue
Press: ? - help, Shift-Dir - straight line, f - jackal
Aim: a jackal (steam, heavily wounded, constricted by you)
The flame tongue hits the jackal.
The jackal appears unharmed.
The jackal is heavily wounded.
You are engulfed in a cloud of scalding steam.
You die...

#.# . #.# .. #.# ....
### #.# ####....# r...
#.# #.......#
#...######.####.......#
#.........§>...'.......+
#<........PP§..#.......#
#........@§§≈≈.#.......+
#........§h§≈≈.#.......#
#.####...≈≈≈≈≈.#....####
#..#.#...≈≈≈.#....#
#..#.#.......###+##
#(.#.#....####
#..#.#....# #<.#.#......
#.##.#..#.#


You could see a jackal.

Vanquished Creatures
  A giant gecko (D:1)
  3 hobgoblins (D:1)
  2 jackals (D:2)
  3 bats (D:1)
  A giant cockroach (D:1)
  A giant newt (D:1)
  5 goblins (D:1)
  A kobold skeleton (D:2)
  An orc skeleton (D:2)
  4 rats (D:1)
22 creatures vanquished.

Notes
Turn   | Place    | Note
--------------------------------------------------------------
     0 | D:1      | Kae, the Octopode Fire Elementalist, began the quest for the Orb.
     0 | D:1      | Reached XP level 1. HP: 11/11 MP: 3/3
   182 | D:1      | Reached XP level 2. HP: 15/17 MP: 4/4
   938 | D:2      | Engulfed by their own steam

Action                   || total
-------------------------++-------
Melee: Unarmed           ||    66
 Cast: Flame Tongue      ||     5
 Stab: Sleeping          ||     2
